 Dungeon Crawl Stone Soup version 0.30.0-5-g1a98f26d00 (webtiles) character file.

Game seed: 14347883965269504123

86 Exaltedone87 the Slasher (level 4, 0/34 HPs)
             Began as a Demonspawn Gladiator on May 8, 2023.
             Slain by Pargi (1 damage)
             ... on level 3 of the Dungeon.
             The game lasted 00:04:45 (1431 turns).

Exaltedone87 the Slasher (Demonspawn Gladiator)     Turns: 1431, Time: 00:04:45

Health: 0/34       AC:  6    Str: 14    XL:     4   Next: 27%
Magic:  4/4        EV: 12    Int: 10    God:
Gold:   130        SH:  0    Dex: 16    Spells: 3/3 levels left

rFire   . . .        a - +0 long sword
rCold   . . .        (no shield)
rNeg    + . .        b - +0 leather armour
rPois   .            c - +0 helmet
rElec   .            h - +0 cloak
rCorr   .            (no gloves)
SInv    .            (no boots)
Will    .....        (no amulet)
Stlth   +            l - ring of positive energy
HPRegen 0.25/turn    (no ring)
MPRegen 0.18/turn

%: no passive effects
@: no status effects
A: magic regeneration, sharp scales 1
a: no special abilities


You were on level 3 of the Dungeon.
You visited 1 branch of the dungeon, and saw 3 of its levels.

You collected 130 gold pieces.

Inventory:

Hand Weapons
 a - a +0 long sword (weapon)
Missiles
 d - 3 throwing nets (quivered)
 e - a javelin
Armour
 b - a +0 leather armour (worn)
 c - a +0 helmet (worn)
 h - a +0 cloak (worn)
Jewellery
 l - a ring of positive energy (left hand)
Potions
 f - 2 potions of might {unknown}
 g - 3 potions of curing {unknown}
 i - 3 potions of invisibility {unknown}
 j - a potion of heal wounds {unknown}
 k - a potion of lignification {unknown}
 m - a potion of brilliance {unknown}


   Skills:
 + Level 2.6 Fighting
 * Level 3.5 Long Blades
 - Level 1.9 Throwing
 + Level 1.3 Armour
 + Level 3.1 Dodging


You had 3 spell levels left.
You didn't know any spells.
Your spell library contained the following spells:

 Spells                   Type           Power      Damage    Failure   Level
 Beastly Appendage        Tmut           0%         N/A       43%         1
 Wereblood                Tmut           0%         N/A       56%         2
 Spider Form              Tmut/Pois      0%         N/A       80%         3
 Animate Armour           Summ/Erth      0%         N/A       99%         4
 Blade Hands              Tmut           0%         N/A       100%        5
 Iron Shot                Conj/Erth      0%         9d1       100%        6


Dungeon Overview and Level Annotations

Branches:
Dungeon (3/15)

Altars:

Annotations:
D:3 Pargi


Innate Abilities, Weirdness & Mutations

You regenerate magic rapidly.
You are partially covered in razor-sharp scales. (AC +1, Slay +1)


Message History

Pargi barely misses you. Pargi claws you.
* * * LOW HITPOINT WARNING * * *
Pargi barely misses you.
You slash Pargi!
Pargi is almost dead.
Pargi bites you.
* * * LOW HITPOINT WARNING * * *
Pargi claws you but does no damage. x2; Pargi closely misses you. x3
Unknown command.
You barely miss Pargi.
Pargi is almost dead.
Pargi bites you but does no damage. Pargi barely misses you.
Pargi claws you but does no damage.
You hit Pargi.
Pargi is almost dead.
Pargi bites you.
* * * LOW HITPOINT WARNING * * *
Pargi claws you.
* * * LOW HITPOINT WARNING * * *
Pargi claws you but does no damage.
You closely miss Pargi.
Pargi is almost dead.
Pargi pleads, "Don't hit me!"
Pargi bites you but does no damage. Pargi barely misses you. Pargi misses you.
You barely miss Pargi.
Pargi is severely wounded.
Pargi closely misses you. Pargi barely misses you.
Pargi claws you but does no damage.
Unknown command.
You miss Pargi.
Pargi is severely wounded.
Pargi barely misses you. Pargi claws you but does no damage.
Pargi closely misses you. Pargi barely misses you. Pargi claws you.
* * * LOW HITPOINT WARNING * * *
Pargi claws you.
* * * LOW HITPOINT WARNING * * *
You slash Pargi!
Pargi is almost dead.
Pargi bites you.
You die...

...#......## #. ....# ##........#
#.# #.#.# #.........### ....#.#.#
#.#..........
....#...####.##......(..
##..##.#......................
......##...#.......###.......
#.....# #lT.......##........
#.....# ##@.....###.####### S
#.....# #......# #.# ...##.....#
#......# #[# ..........#
#......###.# ## .<.#..<..#
##.#.#..##..# ##. ..........##
##..#.#.###.## #..
...........###...#.#.....########
................>.....####.....##
......................####....†..


You could see Pargi and a frilled lizard.

Vanquished Creatures
  Terence (D:2)
  An adder (D:2)
  A worm (D:2)
  A dart slug (D:2)
  5 ball pythons
  2 bats (D:1)
  4 endoplasms
  3 giant cockroaches
  5 goblins
  2 hobgoblins
  3 jackals (D:1)
  2 kobolds
  2 quokkas
  3 frilled lizards
  9 rats
44 creatures vanquished.

Notes
Turn   | Place    | Note
-------+----------+-------------------------------------------
     0 | D:1      | Exaltedone87 the Demonspawn Gladiator began the quest for
                  | the Orb.
     0 | D:1      | Reached XP level 1. HP: 16/16 MP: 1/1
   142 | D:1      | Gained mutation: You regenerate magic rapidly. [demonic
                  | ancestry]
   142 | D:1      | Reached XP level 2. HP: 16/22 MP: 2/2
   625 | D:2      | Gained mutation: You are partially covered in razor-sharp
                  | scales. (AC +1, Slay +1) [demonic ancestry]
   625 | D:2      | Reached XP level 3. HP: 18/28 MP: 3/3
   703 | D:2      | Reached skill level 1 in Armour
   754 | D:2      | Noticed Terence
   763 | D:2      | Killed Terence
   764 | D:2      | Reached XP level 4. HP: 30/34 MP: 4/4
  1353 | D:3      | Found a faded altar of an unknown god.
  1404 | D:3      | Noticed Pargi
  1430 | D:3      | HP: 1/34 [Pargi (3)]
  1431 | D:3      | Slain by Pargi

Illustrated notes

Levels and vault maps discovered:
D:1:      dpeg_arrival_ratfight, layout_basic
D:2:      minmay_spotlight, layout_rooms, uniq_terence
D:3:      layout_rooms, shapermc_ecumenical_altar_hornbeckon, st_stairs_7,
          uniq_pargi

Skill      XL: |  1  2  3 |
---------------+----------+-----
Long Blades    | 3 |  3.5
Dodging        | 3 |  3.1
Armour         | 1 |  1.3
Fighting       | |  2.6
Throwing       | |  1.9

Action                     |  1- 3 |  4- 6 || total
---------------------------+-------+-------++-------
  Melee: Long sword        |    84 |    50 ||   134
         Punch             |     1 |       ||     1
    Use: Scroll            |     1 |       ||     1
   Stab: Sleeping          |       |     1 ||     1
 Armour: Leather armour    |    25 |    32 ||    57
  Dodge: Dodged            |    55 |    57 ||   112
